 Dungeon Crawl Stone Soup version 0.30-a0-847-g17996783a1 (webtiles) character file.

Game seed: 2736401660951701055

168 qeuew the Cudgeller (level 5, -1/32 HPs)
             Began as a Gargoyle Gladiator on Mar 3, 2023.
             Constricted to death by Ijyb (3 damage)
             ... on level 3 of the Dungeon.
             The game lasted 00:03:29 (2513 turns).

qeuew the Cudgeller (Gargoyle Gladiator)            Turns: 2513, Time: 00:03:30

Health: -1/32      AC: 13    Str: 17    XL:     5   Next: 49%
Magic:  5/5        EV:  9    Int:  9    God:
Gold:   139        SH:  0    Dex: 15    Spells: 4/4 levels left

rFire   . . .      SeeInvis .    a - +0 flail
rCold   . . .      Faith    .    (no shield)
rNeg    + . .      Spirit   .    b - +0 leather armour
rPois   ∞          Reflect  .    c - +1 helmet
rElec   +          Rampage  .    (no cloak)
rCorr   .                        (no gloves)
Will    .....                    (no boots)
Stlth   ++                       (no amulet)
HPRegen 0.25/turn                p - +4 ring of protection
MPRegen 0.09/turn                (no ring)

@: grasped by roots, flying, constricted
A: sickness immunity, AC +4, negative energy resistance 1, electricity
resistance, torment resistance 1, petrification resistance, big wings, claws 1,
thin skeletal structure 1
a: no special abilities


You were on level 3 of the Dungeon.
You visited 1 branch of the dungeon, and saw 3 of its levels.

You collected 139 gold pieces.

Inventory:

Hand Weapons
 a - a +0 flail (weapon)
Missiles
 d - a throwing net
 e - 4 javelins (quivered)
Armour
 b - a +0 leather armour (worn)
 c - a +1 helmet (worn)
Jewellery
 f - a ring of wizardry
 p - a +4 ring of protection (left claw)
Scrolls
 i - a scroll of identify
 j - a scroll of vulnerability {unknown}
 l - 3 scrolls of teleportation
Potions
 g - 4 potions of curing
 h - 4 potions of haste
 k - a potion of heal wounds {unknown}
 m - a potion of might
 n - a potion of berserk rage {unknown}


   Skills:
 + Level 2.9 Fighting
 * Level 4.2 Maces & Flails
 * Level 3.0 Throwing
 + Level 1.6 Armour
 + Level 2.8 Dodging


You had 4 spell levels left.
You didn't know any spells.
Your spell library contained the following spells:

 Spells                   Type           Power      Damage    Failure   Level
 Slow                     Hex            0%         N/A       43%         1


Dungeon Overview and Level Annotations

Branches:
Dungeon (3/15)

Altars:
Dithmenos

Annotations:
D:3 Ijyb


Innate Abilities, Weirdness & Mutations

You are immune to sickness and miasma.
Your stone body is resilient. (AC +4)
You are immune to poison.
You resist negative energy. (rN+)
You are resistant to electric shocks. (rElec)
You are resistant to unholy torment.
You are immune to petrification.
Your large and strong wings let you fly.
You have sharp fingernails.
You have a somewhat thin skeletal structure. (Dex +2, Stealth+)


Message History

The throwing net completely misses Ijyb.
Ijyb hits you with a +0 club.
* * * LOW HITPOINT WARNING * * *
Unknown command.
Throw: 2 throwing nets
Press: ? - help, Q - select action, (/) - cycle Shift-Dir - straight line, f/p - Ijyb
Aim: Ijyb, wielding a +0 club, wearing a +0 leather armour and carrying a wand of roots (4) (severely wounded, 53% to hit)
You throw a throwing net. The throwing net closely misses Ijyb.
Ijyb zaps a wand.
The roots erupt in riotous growth!
The grasping roots grab you!
Ijyb is unaffected.
The grasping roots constrict you.
* * * LOW HITPOINT WARNING * * *
Unknown command.
You feel better. Ijyb hits you but does no damage.
The grasping roots constrict you.
You closely miss Ijyb.
Ijyb is severely wounded.
Ijyb hits you but does no damage. The grasping roots constrict you!
* * * LOW HITPOINT WARNING * * *
The grasping roots release their grip on you.
You feel better.
Ijyb zaps a wand.
The roots erupt in riotous growth!
The grasping roots grab you!
Ijyb is unaffected.
The grasping roots constrict you.
You hit Ijyb.
Ijyb is severely wounded.
Ijyb hits you but does no damage. The grasping roots constrict you.
* * * LOW HITPOINT WARNING * * *
You hit Ijyb but do no damage.
Ijyb is severely wounded.
Ijyb hits you with a +0 club.
* * * LOW HITPOINT WARNING * * *
The grasping roots constrict you.
Throw: 5 javelins
Press: ? - help, Q - select action, (/) - cycle Shift-Dir - straight line, f/p - Ijyb
Aim: Ijyb, wielding a +0 club, wearing a +0 leather armour and carrying a wand of roots (2) (severely wounded, 53% to hit)
You throw a javelin. The javelin barely misses Ijyb.
Ijyb closely misses you. The grasping roots constrict you.
* * * LOW HITPOINT WARNING * * *
Ijyb misses you. The grasping roots constrict you.
You die...

#8.8# #..#
##.## ##.#
##.## #.#
#8.8# #.##
##.## #.(###
##.##
##...##
#8.8# ###..#
####.## ##.#
#8##.##8##8#
#@#
....()......
+g#
#8##.##8##8#
#.# ####.# #
#.# 8.8 #.#
#.## #.# #.#
#.# 8.8 .(#
#.#


You could see Ijyb.

Vanquished Creatures
  Jessica (D:3)
  A hound zombie (D:3)
  A hound skeleton (D:3)
  3 adders (D:3)
  An adder zombie (D:3)
  A worm (D:2)
  2 dart slugs
  An orc (D:3)
  7 endoplasms
  3 giant cockroaches
  6 hobgoblins
  4 jackals (D:3)
  5 quokkas
  7 ball pythons
  A ball python zombie (D:3)
  3 bats (D:1)
  5 frilled lizards
  A giant cockroach zombie (D:3)
  5 goblins
  A jackal skeleton (D:3)
  7 kobolds
  A quokka skeleton (D:3)
  7 rats
74 creatures vanquished.

Notes
Turn   | Place    | Note
-------+----------+-------------------------------------------
     0 | D:1      | qeuew the Gargoyle Gladiator began the quest for the Orb.
     0 | D:1      | Reached XP level 1. HP: 12/12 MP: 1/1
   100 | D:1      | Reached XP level 2. HP: 15/17 MP: 2/2
   492 | D:1      | Reached XP level 3. HP: 20/22 MP: 3/3
  1028 | D:2      | Found a shadowy altar of Dithmenos.
  1651 | D:2      | Reached skill level 1 in Armour
  1651 | D:2      | Reached XP level 4. HP: 26/27 MP: 4/4
  1869 | D:2      | Gained mutation: Your large and strong wings let you fly.
                  | [potion of mutation]
  1869 | D:2      | Gained mutation: You have a somewhat thin skeletal
                  | structure. (Dex +2, Stealth+) [potion of mutation]
  1869 | D:2      | Gained mutation: You have sharp fingernails. [potion of
                  | mutation]
  1931 | D:3      | Found a faded altar of an unknown god.
  2066 | D:3      | Noticed Jessica
  2076 | D:3      | Killed Jessica
  2077 | D:3      | Reached skill level 4 in Maces & Flails
  2142 | D:3      | Got Jessica's Excursus on Beguiling
  2230 | D:3      | Reached XP level 5. HP: 28/31 MP: 5/5
  2492 | D:3      | Noticed Ijyb
  2507 | D:3      | HP: 1/32 [constriction (3)]
  2513 | D:3      | Constricted to death by Ijyb

Illustrated notes

Levels and vault maps discovered:
D:1:      doesnt_arrival_eight_statues, layout_basic,
          dreamdust_princess_corridor, minmay_split_cup_small
D:2:      layout_basic, basic_altar, minmay_fractal_squares_5
D:3:      layout_basic, nicolae_ecumenical_oubliette, serial_undead,
          serial_undead_d, serial_undead_d, serial_undead_c, serial_undead_d,
          serial_undead_f, serial_undead_f, grunt_decor_fettered,
          minmay_stone_trees_medium, dk_noncrumbling_2,
          kennysheep_jessica_study, uniq_ijyb, uniq_terence

Skill      XL: |  1  2  3  4  5 |
---------------+----------------+-----
Throwing       | 2 3 |  3.0
Armour         | 1 |  1.6
Maces & Flails | 4 |  4.2
Fighting       | |  2.9
Dodging        | |  2.8

Action                     |  1- 3 |  4- 6 || total
---------------------------+-------+-------++-------
  Melee: Flail             |   138 |   131 ||   269
         Punch             |       |     1 ||     1
  Throw: Throwing net      |       |     2 ||     2
         Javelin           |       |     1 ||     1
    Use: Scroll            |     4 |     6 ||    10
         Potion            |     2 |     3 ||     5
   Stab: Sleeping          |       |     2 ||     2
 Armour: Leather armour    |    68 |   104 ||   172
  Dodge: Dodged            |    96 |   161 ||   257

Table legend: (Time is in decaauts)
 A = Elapsed time spent in this place.
 B = Non-inter-level travel time spent in this place.
 C = Inter-level travel time spent in this place.
 D = Time resting spent in this place.
 E = Time spent auto-exploring this place.
 F = Levels seen in this place.
 G = Mean time per level.
                   A        B        C        D        E       F      G
               +--------+--------+--------+--------+--------+-----+--------+
         Total |   2570 |   2509 |     61 |      0 |   1932 |   3 |  856.7 |
       Dungeon |   2570 |   2509 |     61 |      0 |   1932 |   3 |  856.7 |
               +--------+--------+--------+--------+--------+-----+--------+

Top non-repeatable levels by time:
     D:2: 1112 daAuts
     D:1: 827 daAuts
     D:3: 630 daAuts
